 Dungeon Crawl Stone Soup version 0.19.4 (webtiles) character file.

106 vatarom the Insei (level 4, 0/28 HPs)
             Began as an Octopode Transmuter on Feb 3, 2017.
             Succumbed to an adder's poison
             ... on level 3 of the Dungeon.
             The game lasted 00:04:35 (2520 turns).

vatarom the Insei (Octopode Transmuter)             Turns: 2520, Time: 00:04:35

Health: 0/28       AC:  1    Str:  9    XL:     4   Next: 84%
Magic:  8/8        EV: 13    Int: 15    God:
Gold:   68         SH:  0    Dex: 13    Spells: 3 memorised, 2 levels left

rFire  . . .     SeeInvis .       - Unarmed
rCold  . . .     Gourm    .     (no shield)
rNeg   . . .     Faith    .     (helmet restricted)
rPois  .         Spirit   .     (no amulet)
rElec  .         Reflect  .     (no ring)
rCorr  .         Harm     .     (no ring)
MR     .....                    (no ring)
Stlth  ++........               (no ring)
                                (no ring)
                                (no ring)
                                (no ring)
                                (no ring)

@: lethally poisoned (0 -> -1)
A: almost no armour, stealthy swim, amphibious, 8 rings, constrict 8, camouflage
1, gelatinous body 1
a: no special abilities


You were on level 3 of the Dungeon.
You were completely stuffed.

You visited 1 branch of the dungeon, and saw 3 of its levels.

You collected 68 gold pieces.

Inventory:

Missiles
 a - 3 arrows
Scrolls
 d - a scroll of identify {unknown}
 e - a scroll of enchant armour
Books
 b - a book of Changes

   Spells                             Type                      Level
   a - Beastly Appendage              Transmutation                1
   b - Sticks to Snakes               Transmutation                2
   c - Spider Form                    Transmutation/Poison         3
   d - Ice Form                       Ice/Transmutation            4
   e - Blade Hands                    Transmutation                5
Comestibles
 c - 2 bread rations


   Skills:
 - Level 1.0 Fighting
 - Level 2.0 Dodging
 * Level 4.3 Unarmed Combat
 + Level 2.7 Spellcasting
 + Level 3.0 Transmutations


You had 2 spell levels left.
You knew the following spells:

 Your Spells              Type           Power        Failure   Level  Hunger
a - Beastly Appendage     Tmut           ##....       8%          1    #......
b - Sticks to Snakes      Tmut           ##......     12%         2    ##.....
c - Spider Form           Tmut/Pois      #.........   34%         3    ###....


Dungeon Overview and Level Annotations

Branches:
Dungeon (3/15)

Altars:
Gozag
Ru
Uskayaw
Zin

Annotations:
D:2 1 runed door
D:3 Sigmund


Innate Abilities, Weirdness & Mutations

You cannot wear most types of armour.
You are very stealthy in the water. (Stealth+)
You are amphibious.
You can wear up to eight rings at the same time.
You can use your tentacles to constrict eight enemies at once.
Your skin changes colour to match your surroundings (Stealth+).
Your rubbery body absorbs attacks. (AC +1, EV +1)


Message History

* * * LOW HITPOINT WARNING * * *
You feel sick.
You see here a rat corpse.
You start eating one of the 2 bread rations.
You continue eating.
* * * LOW HITPOINT WARNING * * *
You feel sick.
You continue eating.
You finish eating.
That bread ration really hit the spot!
You start eating the meat ration.
You continue eating. x2
* * * LOW HITPOINT WARNING * * *
You feel sick.
You finish eating.
That meat ration really hit the spot!
You see here a bread ration.
c - 2 bread rations (gained 1)
There are no items here.
* * * LOW HITPOINT WARNING * * *
You feel sick.
You die...

# #########
#.#...#.#.#
#....†#†##
#.$#)#†.#.# #.
##†##..## #.
##...##..# ###
#.##..@..##.#
..#
#..##...##..#
#.# #..##.##..##
#.# #..###..#.#
#.# #..#..#)##
#.# ###
#...#)#.# ..#
#..######.######
<## #...#...#..#
.# #..........#


There were no monsters in sight!

Vanquished Creatures
  5 adders
  A worm (D:2)
  3 dart slugs
  A leopard gecko (D:1)
  7 orcs (D:3)
  2 giant cockroaches (D:1)
  8 goblins
  5 hobgoblins
  6 kobolds
  4 bats
  11 rats
53 creatures vanquished.

Notes
Turn   | Place    | Note
-------+----------+-------------------------------------------
     0 | D:1      | vatarom the Octopode Transmuter began the quest for the Orb.
     0 | D:1      | Reached XP level 1. HP: 13/13 MP: 3/3
   568 | D:1      | Reached XP level 2. HP: 18/18 MP: 5/5
   575 | D:1      | Learned a level 2 spell: Sticks to Snakes
  1201 | D:2      | Reached XP level 3. HP: 22/23 MP: 2/6
  1206 | D:2      | Learned a level 3 spell: Spider Form
  1289 | D:2      | Found a glowing silver altar of Zin.
  1289 | D:2      | Noticed an angel
  1416 | D:2      | Found an opulent altar of Gozag.
  1439 | D:2      | Found a hide-covered altar of Uskayaw.
  1443 | D:2      | Noticed a hand axe
  1444 | D:2      | Noticed a hand axe
  1644 | D:2      | Found a sacrificial altar of Ru.
  2000 | D:2      | Reached XP level 4. HP: 28/28 MP: 7/7
  2035 | D:2      | Found a runed door.
  2075 | D:2      | Reached skill level 4 in Unarmed Combat
  2174 | D:3      | Noticed Sigmund
  2512 | D:3      | HP: 1/28 [poisoned by an adder]
  2520 | D:3      | Succumbed to an adder's poison

Skill      XL: |  1  2  3  4 |
---------------+-------------+-----
Unarmed Combat | 4 |  4.3
Transmutations | 3 |  3.0
Fighting       | |  1.0
Dodging        | |  2.0
Spellcasting   | |  2.7

Action                   |  1- 3 |  4- 6 || total
-------------------------+-------+-------++-------
Melee: Unarmed           |    70 |    34 ||   104
       Constrict         |    22 |    12 ||    34
       Kick              |     2 |     4 ||     6
       Tentacles         |     4 |     6 ||    10
       Punch             |     1 |     1 ||     2
 Cast: Beastly Appendage |     1 |     1 ||     2
       Sticks to Snakes  |     5 |     4 ||     9
  Use: Scroll            |     2 |       ||     2
       Potion            |     2 |       ||     2
 Stab: Sleeping          |     7 |       ||     7
  Eat: Meat ration       |     1 |     1 ||     2
       Fruit             |       |     2 ||     2
       Bread ration      |       |     1 ||     1
Armor: Skin              |     2 |       ||     2
Dodge: Dodged            |    30 |    14 ||    44
